 Dungeon Crawl Stone Soup version 0.30-a0-760-g5a9884bb7c (webtiles) character file.

Game seed: 8320172817126569832

49 barkas the Poker (level 3, 0/22 HPs)
             Began as a Tengu Reaver on Feb 10, 2023.
             Blown up by Ijyb (17 damage)
             ... with a mindburst bolt
             ... on level 3 of the Dungeon.
             The game lasted 00:01:47 (2028 turns).

barkas the Poker (Tengu Reaver)                     Turns: 2028, Time: 00:01:48

Health: 0/22       AC:  7    Str: 14    XL:     3   Next: 75%
Magic:  7/7        EV: 12    Int: 13    God:
Gold:   135        SH:  0    Dex: 12    Spells: 5/6 levels left

rFire   . . .      SeeInvis .    a - +0 spear
rCold   . . .      Faith    .    (no shield)
rNeg    . . .      Spirit   .    b - +0 leather armour
rPois   .          Reflect  .    (helmet restricted)
rElec   .          Harm     .    (no cloak)
rCorr   .          Rampage  .    (no gloves)
Will    .....                    (boots unavailable)
Stlth   +                        (no amulet)
HPRegen 0.23/turn                k - +4 ring of protection
MPRegen 0.10/turn                (no ring)

@: no status effects
A: beak, talons 3
a: no special abilities


You were on level 3 of the Dungeon.
You visited 1 branch of the dungeon, and saw 3 of its levels.

You collected 135 gold pieces.

Inventory:

Hand Weapons
 a - a +0 spear (weapon)
Armour
 b - a +0 leather armour (worn)
Jewellery
 k - a +4 ring of protection (left hand)
Scrolls
 d - a scroll of magic mapping {unknown}
 f - a scroll of fear {unknown}
 h - 3 scrolls of teleportation {unknown}
 j - a scroll of amnesia {unknown}
 o - a scroll of enchant weapon {unknown}
 p - a scroll of noise {unknown}
Potions
 c - 2 potions of heal wounds {unknown}
 e - 2 potions of degeneration {unknown}
 g - a potion of brilliance {unknown}
 i - 3 potions of curing {unknown}
 l - a potion of magic {unknown}
 m - a potion of attraction {unknown}
 n - a potion of ambrosia {unknown}


   Skills:
 + Level 2.5 Fighting
 * Level 4.3 Polearms
 + Level 2.8 Dodging
 - Level 2.0 Spellcasting
 - Level 4.0 Conjurations


You had 5 spell levels left.
You knew the following spells:

 Your Spells              Type           Power      Damage    Failure   Level
a - Kiss of Death         Conj/Necr      24%        2d7       14%         1

Your spell library contained the following spells:

 Spells                   Type           Power      Damage    Failure   Level
 Momentum Strike          Conj/Tloc      12%        3d8       22%         2
 Dazzling Flash           Conj/Hex       12%        N/A       38%         3
 Hailstorm                Conj/Ice       6%         3d4       38%         3
 Call Canine Familiar     Summ           1%         N/A       67%         3
 Portal Projectile        Hex/Tloc       2%         N/A       67%         3
 Leda's Liquefaction      Hex/Erth       0%         N/A       97%         4
 Agony                    Necr           1%         N/A       100%        5
 Silence                  Hex/Air        0%         N/A       100%        5


Dungeon Overview and Level Annotations

Branches:
Dungeon (3/15)

Altars:
Cheibriados

Shops:
D:1 (   D:2 ?

Annotations:
D:2 Terence
D:3 1 runed translucent door, Ijyb; runemasterragnar's ghost, amateur FoFi


Innate Abilities, Weirdness & Mutations

You have a beak for a mouth.
You have claws for feet.


Message History

You enter the shallow water.
Moving in this stuff is going to be slow.
m - a fizzy emerald potion
e - 2 metallic inky potions (gained 1)
n - a blue potion
i - 2 red potions (gained 1)
i - 3 red potions (gained 1)
You enter the shallow water.
Moving in this stuff is going to be slow.
There is an open door here.
You see here a +0 spear.
You now have 135 gold pieces (gained 9).
o - a scroll labelled ZOVATI OKHA
p - a scroll labelled MAEZXORENO
Found a snail-covered altar of Cheibriados.
An orc comes into view. It is wielding a +0 club.
An orc is nearby!
The helpless orc fails to defend itself.
You hit the orc. You claw the orc.
You kill the orc!
No target in view!
Things that are here:
a +0 club; an orc corpse You enter the shallow water.
Moving in this stuff is going to be slow.
You enter the shallow water.
Moving in this stuff is going to be slow.
Ijyb the Twisted Goblin comes into view.
She is wielding a +0 dagger and carrying a wand of mindburst (15).
Ijyb is nearby!
You reach to attack!
You barely miss Ijyb.
Ijyb zaps a wand.
Your mind is blasted!
You reach to attack!
You hit Ijyb.
Ijyb is moderately wounded.
You reach to attack!
You hit Ijyb but do no damage.
Ijyb is moderately wounded.
You completely miss Ijyb. Your kick misses Ijyb.
Ijyb is moderately wounded.
Ijyb zaps a wand.
Your mind is blasted!
Ouch! That really hurt!
You die...

#.# #....#.#
#.# #.###.##
#.####.# #.##
#.##PP.# #...
######.~~~~.#
#.##
#.......~♣♣.#
#.#
#.####.#~~~.#
#.# #.#
#.##...# #.#
#@# #.##..##
#.# #g#
#.##..# #.#
#.# #.##..#
#.# #.#
#.##..# #.#
#.# #.##..#
#.## #.#
#.##..# #...
#.# #..# ####
#..


You could see Ijyb.

Vanquished Creatures
  A gnoll (D:1)
  2 adders (D:3)
  A worm (D:2)
  An orc (D:3)
  2 ball pythons
  A giant cockroach (D:2)
  2 goblins
  A hobgoblin (D:2)
  2 kobolds (D:2)
  2 bats
  A frilled lizard (D:1)
  6 rats
22 creatures vanquished.

Notes
Turn   | Place    | Note
-------+----------+-------------------------------------------
     0 | D:1      | barkas the Tengu Reaver began the quest for the Orb.
     0 | D:1      | Reached XP level 1. HP: 12/12 MP: 4/4
   120 | D:1      | Found Astish's Antique Weapon Shoppe.
   268 | D:1      | Reached XP level 2. HP: 6/17 MP: 4/6
  1274 | D:2      | Reached XP level 3. HP: 22/22 MP: 7/7
  1400 | D:2      | Noticed Terence
  1401 | D:2      | Found Ahoff's Magic Scroll Boutique.
  1797 | D:3      | Found a runed translucent door.
  1799 | D:3      | Noticed runemasterragnar's ghost (amateur FoFi)
  1984 | D:3      | Found a snail-covered altar of Cheibriados.
  2022 | D:3      | Noticed Ijyb
  2028 | D:3      | Blown up by Ijyb

Illustrated notes

Levels and vault maps discovered:
D:1:      dpeg_arrival_boxorama, layout_basic, serial_shops, shop,
          minmay_misc_feat_square, grunt_decor_fettered, nrook_mini_vaults
D:2:      layout_basic, serial_shops, shop, uniq_terence
D:3:      layout_loops_ring, mainiacjoe_overflow_alcove_4,
          mainiacjoe_overflow_cross_hatched, ebering_ghost_sewer_d,
          chequers_serial_rivers_micro_c, dk_vineyard_1, serial_bayou_pond_d,
          dreamdust_mushroom_princess, corexii_hall_statues_i, uniq_ijyb

Skill      XL: |  1  2 |
---------------+-------+-----
Polearms       | 4 |  4.3
Fighting       | |  2.5
Dodging        | |  2.8
Spellcasting   | |  2.0
Conjurations   | |  4.0

Action                     || total
---------------------------++-------
  Melee: Spear             ||    64
         Kick              ||    13
         Peck              ||     6
   Cast: Kiss of Death     ||     1
   Stab: Sleeping          ||     2
 Armour: Leather armour    ||     8
  Dodge: Dodged            ||    21

Table legend: (Time is in decaauts)
 A = Elapsed time spent in this place.
 B = Non-inter-level travel time spent in this place.
 C = Inter-level travel time spent in this place.
 D = Time resting spent in this place.
 E = Time spent auto-exploring this place.
 F = Levels seen in this place.
 G = Mean time per level.
                   A        B        C        D        E       F      G
               +--------+--------+--------+--------+--------+-----+--------+
         Total |   2025 |   1946 |     79 |    175 |   1568 |   3 |  675.0 |
       Dungeon |   2025 |   1946 |     79 |    175 |   1568 |   3 |  675.0 |
               +--------+--------+--------+--------+--------+-----+--------+

Top non-repeatable levels by time:
     D:1: 1168 daAuts
     D:3: 535 daAuts
     D:2: 322 daAuts
